 Dungeon Crawl Stone Soup version 0.29.1-1-gd02db6906a (webtiles) character file.

Game seed: 17130376482139534863

1738 lonewolfV2 the Ruffian (level 8, -3/75 HPs)
             Began as a Troll Fighter on Oct 14, 2022.
             Was a Follower of Kikubaaqudgha.
             Slain by a killer bee (4 damage)
             ... on level 7 of the Dungeon.
             The game lasted 00:09:20 (6514 turns).

lonewolfV2 the Ruffian (Troll Fighter)              Turns: 6514, Time: 00:09:21

Health: -3/75      AC:  4    Str: 25    XL:     8   Next: 77%
Magic:  7/7        EV: 10    Int:  4    God:    Kikubaaqudgha [*.....]
Gold:   335        SH:  0    Dex: 11    Spells: 7/7 levels left

rFire   x . .      SeeInvis .     - Unarmed
rCold   + . .      Faith    +   b - +1 kite shield
rNeg    . . .      Spirit   .   a - +0 robe
rPois   +          Reflect  .   (helmet restricted)
rElec   .          Harm     .   (no cloak)
rCorr   .          Rampage  .   (gloves unavailable)
Will    .....                   (boots unavailable)
Stlth   +.........              g - amulet of faith
HPRegen 1.02/turn               d - ring of poison resistance
MPRegen 0.10/turn               c - ring of ice

@: confused, lethally poisoned (-3 -> -4), ambrosia-drunk
A: large, unfitting armour, claws 3, regeneration 1, shaggy fur 1, tough skin 1
a: Renounce Religion, Unearth Wretches


You were on level 7 of the Dungeon.
You worshipped Kikubaaqudgha.
Kikubaaqudgha was aware of your devotion.
You visited 1 branch of the dungeon, and saw 7 of its levels.

You collected 335 gold pieces.

Inventory:

Armour
 a - a +0 robe (worn)
 b - a +1 kite shield (worn)
Jewellery
 c - a ring of ice (right claw)
 d - a ring of poison resistance (left claw)
 g - an amulet of faith (around neck)
 r - a ring of protection from fire
Wands
 n - a wand of polymorph (9)
 o - a wand of paralysis (9)
 t - a wand of mindburst (18)
 v - a wand of flame (8)
Scrolls
 e - a scroll of identify
 h - a scroll of enchant weapon
 p - a scroll of poison
 s - a scroll of fear
 w - a scroll of teleportation {unknown}
 x - a scroll of vulnerability {unknown}
 y - 2 scrolls of enchant armour
Potions
 f - a potion of attraction {unknown}
 i - 4 potions of degeneration
 j - a potion of lignification
 k - a potion of invisibility {unknown}
 l - 2 potions of brilliance
 m - a potion of ambrosia
 q - a potion of berserk rage {unknown}
 u - a potion of curing


   Skills:
 + Level 3.5 Fighting
 + Level 5.3 Dodging
 + Level 1.4 Stealth
 + Level 5.2 Shields
 + Level 7.5 Unarmed Combat


You had 7 spell levels left.
You didn't know any spells.
Your spell library contained the following spells:

 Spells                   Type           Power      Damage    Failure   Level
 Necrotise                Necr           0%         1d4       77%         1
 Sublimation of Blood     Necr           0%         N/A       88%         2
 Conjure Flame            Conj/Fire      0%         6-21      98%         3
 Ignite Poison            Fire/Tmut/Pois 0%         N/A       98%         3
 Stone Arrow              Conj/Erth      0%         3d7       98%         3
 Vampiric Draining        Necr           0%         2d6       98%         3
 Animate Armour           Summ/Erth      0%         N/A       100%        4
 Animate Dead             Necr           0%         N/A       100%        4
 Sticky Flame             Conj/Fire      0%         2d3       100%        4
 Lehudib's Crystal Spear  Conj/Erth      0%         10d2      100%        8


Dungeon Overview and Level Annotations

Branches:
Dungeon (7/15)             Temple (0/1) D:4

Altars:
Cheibriados
Elyvilon
Kikubaaqudgha
Okawaru
Sif Muna

Shops:
D:5 :


Innate Abilities, Weirdness & Mutations

You are too large for most types of armour.
You have claws for hands.
Your natural rate of healing is unusually fast.
You are covered in fur. (AC +1)
You have tough skin. (AC +1)


Message History

The killer bee misses you. The killer bee barely misses you.
The killer bee stings you but does no damage.
You mangle the killer bee!!
You kill the killer bee!
Kikubaaqudgha accepts your kill. The killer bee misses you.
The killer bee barely misses you. The killer bee stings you.
You block the killer bee's attack. The killer bee closely misses you.
The killer bee stings you but does no damage.
The killer bee stings you. The killer bee closely misses you.
You feel your dexterity returning.
The killer bee attacks as you move away!
The killer bee stings you. The killer bee stings you!
You are poisoned.
The killer bee poisons you! The killer bee closely misses you.
The killer bee stings you.
* * * LOW HITPOINT WARNING * * *
The killer bee completely misses you. You block the killer bee's attack.
You miss the killer bee.
You feel sick.
The killer bee stings you but does no damage.
The killer bee barely misses you. You block the killer bee's attack.
The killer bee stings you but does no damage.
You barely miss the killer bee.
You feel sick. The killer bee stings you!
* * * LOW HITPOINT WARNING * * *
The killer bee stings you but does no damage.
You block the killer bee's attack. The killer bee stings you.
* * * LOW HITPOINT WARNING * * *
You block the killer bee's attack.
The killer bee stings you but does no damage.
The killer bee stings you.
* * * LOW HITPOINT WARNING * * *
The killer bee stings you.
* * * LOW HITPOINT WARNING * * *
You are confused.
You feel invigorated.
You feel sick. The killer bee misses you. The killer bee stings you!
* * * LOW HITPOINT WARNING * * *
The killer bee barely misses you. The killer bee stings you.
You die...
Kikubaaqudgha rasps: "You have failed me!
Welcome... death!"

## P.P.# ...### P# ..P#
.......
♣####..♣#.......# ..
...........# #..#### ...
..........# #.....##...
.........#.###..........
.##''##..##.#...........
##~..~##..#.............
#~~.)~~##......y@....##
~~##.#~~#......yyy....##
..#.#...+.......?......#
...#.#..+...............
~~#.##~~#...............
#~~..~~##...............
##~..~##..#.............
.##++##....##.#......$..
... #....####.#.....#..


You could see 4 killer bees.

Vanquished Creatures
  Menkaure (D:5)
  An orc warrior (D:7)
  A black bear (D:5)
  4 ogres
  3 phantoms
  A bullfrog (D:7)
  A necrophage (D:5)
  A killer bee (D:7)
  A howler monkey (D:6)
  A quasit (D:7)
  3 hounds
  A jelly (D:7)
  3 orc priests
  2 iguanas
  Terence (D:2)
  A gnoll bouda (D:6)
  An orc wizard (D:4)
  A mummy (D:6)
  8 gnolls
  7 adders
  3 shadow imps (D:7)
  4 white imps
  An ufetubus (D:7)
  3 worms
  2 dart slugs
  16 orcs
  7 ball pythons
  4 endoplasms
  A giant cockroach (D:2)
  5 goblins
  7 hobgoblins
  4 jackals (D:1)
  6 quokkas
  5 bats
  4 frilled lizards
  2 kobolds
  7 rats
124 creatures vanquished.

Vanquished Creatures (collateral kills)
  A ball python (D:3)
  A hobgoblin (D:3)
2 creatures vanquished.

Vanquished Creatures (others)
  2 demonic plants (D:7)
  18 plants (D:3)
20 creatures vanquished.

Grand Total: 146 creatures vanquished

Notes
Turn   | Place    | Note
-------+----------+-------------------------------------------
     0 | D:1      | lonewolfV2 the Troll Fighter began the quest for the Orb.
     0 | D:1      | Reached XP level 1. HP: 22/22 MP: 0/0
    73 | D:1      | Reached XP level 2. HP: 29/29 MP: 1/1
   321 | D:1      | Reached XP level 3. HP: 36/36 MP: 2/2
   558 | D:2      | Noticed Terence
   571 | D:2      | Killed Terence
   646 | D:2      | Found a faded altar of an unknown god.
   764 | D:2      | Reached XP level 4. HP: 29/44 MP: 3/3
  1195 | D:2      | Reached skill level 3 in Unarmed Combat
  1405 | D:3      | Found a white marble altar of Elyvilon.
  2015 | D:3      | Reached XP level 5. HP: 52/52 MP: 4/4
  2125 | D:3      | Found an iron altar of Okawaru.
  2846 | D:4      | Reached skill level 4 in Unarmed Combat
  3192 | D:4      | Found a staircase to the Ecumenical Temple.
  3373 | D:5      | Entered Level 5 of the Dungeon
  3379 | D:5      | Noticed an ogre
  3387 | D:5      | Killed an ogre
  3388 | D:5      | Reached XP level 6. HP: 44/59 MP: 5/5
  3516 | D:5      | Noticed Menkaure
  3528 | D:5      | Killed Menkaure
  3529 | D:5      | Reached skill level 5 in Unarmed Combat
  3529 | D:5      | Reached XP level 7. HP: 23/67 MP: 6/6
  3975 | D:5      | Found Moiceng's Book Shoppe.
  4058 | D:5      | Reached skill level 1 in Stealth
  4074 | D:5      | Found an ancient bone altar of Kikubaaqudgha.
  4080 | D:5      | Became a worshipper of Kikubaaqudgha
  4216 | D:5      | Reached skill level 6 in Unarmed Combat
  5065 | D:6      | Reached XP level 8. HP: 48/75 MP: 7/7
  5153 | D:6      | Found a shimmering blue altar of Sif Muna.
  5378 | D:6      | Found a snail-covered altar of Cheibriados.
  5517 | D:6      | Reached skill level 7 in Unarmed Combat
  5671 | D:7      | Reached * piety under Kikubaaqudgha
  5671 | D:7      | Received a gift from Kikubaaqudgha
  5683 | D:7      | HP: 2/75 [gnoll/+0 whip[a gnoll bouda] (5)]
  6041 | D:7      | Reached skill level 5 in Dodging
  6041 | D:7      | Reached skill level 5 in Shields
  6514 | D:7      | HP: 1/75 [killer bee (8)]
  6514 | D:7      | Slain by a killer bee

Illustrated notes

Levels and vault maps discovered:
D:1:      heliophobic_arrival_dark_side_of_the_moon, layout_rooms,
          minmay_pentomino_u4
D:2:      layout_basic, hellmonk_ecumenical_altar_inner_sanctum, uniq_terence
D:3:      layout_loops_ring, mainiacjoe_overflow_alcove_4, elyvilon_altar_3,
          serial_bayou, serial_bayou_pond_c, serial_bayou_pond_e,
          serial_bayou_pond_e, serial_bayou_lagoon_b
D:4:      layout_loops_ring, minmay_temple_entry_glassed_door,
          nrook_mini_vaults, bh_walls_and_bars
D:5:      layout_layer_cave, nicolae_overflow_crystal_walls, serial_shops, shop,
          uniq_menkaure
D:6:      layout_loops_ring, slow_altar_2, lemuel_doored_altar
D:7:      kennysheep_kobold_camp, layout_layer_cave, serial_demonic,
          serial_demonic_e, serial_demonic_a, serial_demonic_e,
          serial_demonic_c, serial_demonic_b, serial_demonic_d,
          roderic_lattice_a, kennysheep_generic_room_3, uniq_duvessa

Skill      XL: |  1  2  3  4  5  6  7  8 |
---------------+-------------------------+-----
Shields        | 3 4 5 |  5.2
Dodging        | 3 4 5 |  5.3
Unarmed Combat | 3 4 5 6 7 |  7.5
Fighting       | 3 |  3.5
Stealth        | 1 |  1.4

Action                   |  1- 3 |  4- 6 |  7- 9 || total
-------------------------+-------+-------+-------++-------
Melee: Unarmed           |    82 |   159 |   172 ||   413
  Use: Scroll            |     3 |     5 |     6 ||    14
       Potion            |       |     2 |     6 ||     8
 Stab: Sleeping          |       |     1 |     2 ||     3
       Distracted        |       |     1 |       ||     1
Armor: Robe              |    63 |    31 |    68 ||   162
       Skin              |       |       |     1 ||     1
Dodge: Dodged            |    61 |    60 |   122 ||   243
Block: Kite shield       |    65 |    59 |   128 ||   252
